 Dungeon Crawl Stone Soup version 0.30-a0-930-gb9d0489357 (webtiles) character file.

Game seed: 16157284480105849104

117 ytrimaz the Magician (level 4, 0/24 HPs)
             Began as a Deep Elf Conjurer on Mar 23, 2023.
             Slain by a goblin
             ... wielding a +0 club
             ... led by Robin
              (2 damage)
             ... on level 2 of the Dungeon.
             The game lasted 00:03:04 (1999 turns).

ytrimaz the Magician (Deep Elf Conjurer)            Turns: 1999, Time: 00:03:05

Health: 0/24       AC:  2    Str:  3    XL:     4   Next: 71%
Magic:  2/13       EV: 12    Int: 29    God:
Gold:   77         SH:  0    Dex: 12    Spells: 10/13 levels left

rFire   . . .      SeeInvis .    g - +2 short sword (venom)
rCold   . . .      Faith    .    (no shield)
rNeg    . . .      Spirit   .    a - +0 robe
rPois   .          Reflect  .    (helmet restricted)
rElec   .          Rampage  .    (no cloak)
rCorr   .                        (no gloves)
Will    .....                    (no boots)
Stlth   ++                       (no amulet)
HPRegen 0.24/turn                (no ring)
MPRegen 0.13/turn                (no ring)

@: hasted, very quick
A: antennae 1, clever 1
a: no special abilities


You were on level 2 of the Dungeon.
You visited 1 branch of the dungeon, and saw 2 of its levels.

You collected 77 gold pieces.


Innate Abilities, Weirdness & Mutations

You have a pair of small antennae on your head.
Your mind is acute. (Int +4, Str/Dex -1)


   Skills:
 - Level 2.4 Dodging
 - Level 2.4 Stealth
 + Level 5.2 Spellcasting
 - Level 5.0 Conjurations
 + Level 2.3 Summonings


You had 10 spell levels left.
You knew the following spells:

 Your Spells              Type           Power      Damage    Failure   Level
a - Magic Dart            Conj           100%       1d8       1%          1
b - Searing Ray           Conj           72%        2d7       1%          2

Your spell library contained the following spells:

 Spells                   Type           Power      Damage    Failure   Level
 Dazzling Flash           Conj/Hex       44%        N/A       7%          3
 Fulminant Prism          Conj/Hex       11%        3d9       22%         4
 Iskenderun's Mystic Bla  Conj/Tloc      22%        2d6       22%         4
 Summon Ice Beast         Ice/Summ       14%        N/A       36%         4
 Summon Mana Viper        Hex/Summ       14%        N/A       71%         5
 Monstrous Menagerie      Summ           10%        N/A       100%        7

Inventory:

Hand Weapons
 g - a +2 short sword of venom (weapon)
   (You took it off a kobold on level 1 of the Dungeon)
Armour
 a - a +0 robe (worn)
Scrolls
 d - a scroll of acquirement
 e - 2 scrolls of amnesia
Potions
 b - a potion of magic

Dungeon Overview and Level Annotations

Branches:
Dungeon (2/15) Zot: 10001

Altars:

#......#
######.#
#######
#.#
......#
#.#
....>.#
#.#
......#
#.#
......#
#.#
......#
####.####
......#
#))))gg@#
......#
#.##.##g#
..##### #
#)##.#
..#
g.##.#
#.#
#####.#
#.## ..#
...# ###
...#
#......


You could see a hobgoblin (strong, very poisoned) and 2 goblins.


Message History

The searing ray misses Robin. (Press . to maintain the ray.) Robin zaps a wand.
The puff of flame hits you!
* * * LOW HITPOINT WARNING * * *
😱 HP[-8] MP[-2]
You take 8 damage, and now have 4/24 hp.
MASSIVE DAMAGE!! (PAUSE)
You lost 2 mp, and now have 4/13 mp.
The searing ray hits Robin.
The searing ray hits Robin!
Robin drinks a potion.
Robin is healed!
A goblin comes into view.
It is wielding a +0 club. 😱 HP[+1] MP[-1]
You lost 1 mp, and now have 3/13 mp.
You feel much better. 😎 HP[+19]
Your hp is fully restored (24).
Unknown command.
Casting: Searing Ray (safe; 1% risk of failure)
Confirm with . or Enter, or press ? or * to list all spells.
Aiming: Searing Ray (safe; 1% risk of failure)
Press: ? - help, Shift-Dir - straight line, f/p - Robin
Aim: Robin, wielding a +0 short sword, wearing a +0 animal skin, wearing a +0 helmet and carrying a wand of flame (19) (lightly wounded, 85% to hit)
The searing ray misses Robin. (Press . to maintain the ray.) Robin misses you.
A goblin comes into view. It is wielding a +0 dagger. 😎 MP[-2]
You lost 2 mp, and now have 1/13 mp.
The searing ray hits Robin.
The searing ray hits the goblin!
You kill the goblin!
Robin zaps a wand.
The puff of flame misses you.
A hobgoblin comes into view. 😎 MP[-1]
You lost 1 mp, and now have 0/13 mp.
You closely miss Robin.
Robin roars a battlecry!
The goblins go into a battle-frenzy!
Unknown command.
You barely miss Robin. You barely miss Robin. You hit the goblin.
You kill the goblin!
Robin zaps a wand.
The puff of flame hits you!
A goblin comes into view.
It is wielding a +0 club. 😮 HP[-7] MP[+1]
You take 7 damage, and now have 17/24 hp.
MASSIVE DAMAGE!! (PAUSE)
You closely miss Robin. The hobgoblin hits you.
Robin says, "Bow before me, strongest of all the hobgoblins!"
Robin hits you with a +0 short sword.
* * * LOW HITPOINT WARNING * * *
😨 HP[-5]
You take 5 damage, and now have 12/24 hp.
MASSIVE DAMAGE!! (PAUSE)
You hit Robin.
Robin is poisoned.
The hobgoblin hits you.
* * * LOW HITPOINT WARNING * * *
A goblin comes into view. It is wielding a +0 dagger.
Robin hits you but does no damage. 😨 HP[-2]
You take 2 damage, and now have 10/24 hp.
You hit Robin but do no damage. The hobgoblin barely misses you.
Robin hits you with a +0 short sword.
* * * LOW HITPOINT WARNING * * *
😨 HP[-1]
You take 1 damage, and now have 9/24 hp.
You hit Robin but do no damage.
Robin looks as sick as possible!
The hobgoblin hits you!
* * * LOW HITPOINT WARNING * * *
Robin hits you but does no damage. 😱 HP[-7]
You take 7 damage, and now have 2/24 hp.
MASSIVE DAMAGE!! (PAUSE)
You barely miss Robin.
You kill Robin! 😱 HP[+1] Unknown command.
You hit the hobgoblin.
The hobgoblin is poisoned.
The hobgoblin closely misses you.
It was a potion of mutation.
You feel extremely strange.
You feel clever. A pair of antennae grows on your head! The goblin misses you.
The hobgoblin misses you. 😱 MP[+1] Unknown command.
It was a potion of haste.
You feel yourself speed up. The goblin hits you with a +0 club.
* * * LOW HITPOINT WARNING * * *
The hobgoblin closely misses you. 😱 HP[-2]
You take 2 damage, and now have 1/24 hp.
Unknown command.
You hit the hobgoblin but do no damage.
Unknown command.
You hit the hobgoblin.
The hobgoblin looks even sicker.
The goblin hits you with a +0 club.
You die...

Skill      XL: |  1  2  3  4 |
---------------+-------------+-----
Spellcasting   | 4 5 |  5.2
Conjurations   | 5 |  5.0
Summonings     | 1 2 |  2.3
Dodging        | |  2.4
Stealth        | |  2.4

Action                     |  1- 3 |  4- 6 || total
---------------------------+-------+-------++-------
  Melee: Short sword       |       |    14 ||    14
   Cast: Magic Dart        |    83 |     5 ||    88
         Searing Ray       |     2 |     5 ||     7
    Use: Scroll            |     2 |       ||     2
         Potion            |       |     3 ||     3
 Armour: Robe              |     2 |     5 ||     7
  Dodge: Dodged            |     7 |    11 ||    18

Levels and vault maps discovered:
D:1:      co_arrival_square_in_a_square_in_a_square, layout_loops_ring,
          minivault_27, nicolae_figureground_sparkle
D:2:      layout_loops_cross, grunt_decor_mini_mirrors, uniq_robin, uniq_natasha

Notes
Turn   | Place    | Note
-------+----------+-------------------------------------------
     0 | D:1      | ytrimaz the Deep Elf Conjurer began the quest for the Orb.
     0 | D:1      | Reached XP level 1. HP: 10/10 MP: 6/6
     0 | D:1      | magus.rc [v1.9.6]
    52 | D:1      | You pick up a book of Beasts and begin reading...
    52 | D:1      | You add the spells Summon Ice Beast, Summon Mana Viper and
                  | Monstrous Menagerie to your library.
   215 | D:1      | Reached XP level 2. HP: 15/15 MP: 4/8
   617 | D:1      | Learned a level 2 spell: Searing Ray
   690 | D:1      | Reached skill level 4 in Spellcasting
   695 | D:1      | Identified a scroll of acquirement
   835 | D:1      | Reached XP level 3. HP: 19/19 MP: 8/10
   880 | D:1      | Reached skill level 5 in Conjurations
  1328 | D:2      | Reached skill level 1 in Summonings
  1744 | D:2      | Reached XP level 4. HP: 24/24 MP: 4/12
  1902 | D:2      | Noticed Natasha
  1906 | D:2      | Killed Natasha
  1907 | D:2      | Reached skill level 5 in Spellcasting
  1907 | D:2      | Reached skill level 2 in Summonings
  1974 | D:2      | Noticed Robin
  1980 | D:2      | HP: 4/24 [Robin/puff of flame (8)]
  1993 | D:2      | HP: 2/24 [hobgoblin[Robin] (7)]
  1994 | D:2      | Killed Robin
  1996 | D:2      | Gained mutation: Your mind is acute. (Int +4, Str/Dex -1)
                  | [potion of mutation]
  1996 | D:2      | Gained mutation: You have a pair of small antennae on your
                  | head. [potion of mutation]
  1999 | D:2      | Slain by a goblin

Vanquished Creatures
  Natasha (D:2)
  Robin (D:2)
  2 adders (D:2)
  A worm (D:2)
  A dart slug (D:1)
  4 bats
  6 endoplasms
  2 giant cockroaches (D:1)
  3 hobgoblins (D:1)
  2 jackals (D:1)
  6 kobolds (D:1)
  2 quokkas (D:1)
  8 ball pythons
  3 frilled lizards (D:1)
  11 goblins
  4 rats (D:1)
57 creatures vanquished.

Table legend:
 A = Non-vault XP
 B = Vault XP
 C = Vault XP percentage of total XP
 D = Non-vault monster count
 E = Vault monster count
 F = Vault count percentage of total count
                 A         B        C        D         E       F
            +---------+---------+-------+---------+---------+-------
      Total |     100 |      68 |  40.5 |      46 |      11 |  19.3
            +---------+---------+-------+---------+---------+-------
        D:1 |      55 |       0 |   0.0 |      34 |       0 |   0.0
        D:2 |      45 |      68 |  60.2 |      12 |      11 |  47.8
            +---------+---------+-------+---------+---------+-------

Illustrated notes

Table legend:
 A = Kills in this place as a percentage of kills in the entire game.
 B = Kills by you in this place as a percentage of kills by you in the entire game.
 C = Kills by friends in this place as a percentage of kills by friends in the entire game.
 D = Other kills in this place as a percentage of other kills in the entire game.
 E = Experience gained in this place as a percentage of experience gained in the entire game.
 F = Experience gained in this place divided by the number of levels of this place that you have seen.
                   A       B       C       D       E      F
               +-------+-------+-------+-------+-------+----------------------
         Total | 100.0 | 100.0 |   N/A |   N/A | 100.0 |  84.0
       Dungeon | 100.0 | 100.0 |   N/A |   N/A | 100.0 |  84.0
               +-------+-------+-------+-------+-------+----------------------

Table legend: (Time is in decaauts)
 A = Elapsed time spent in this place.
 B = Non-inter-level travel time spent in this place.
 C = Inter-level travel time spent in this place.
 D = Time resting spent in this place.
 E = Time spent auto-exploring this place.
 F = Levels seen in this place.
 G = Mean time per level.
                   A        B        C        D        E       F      G
               +--------+--------+--------+--------+--------+-----+--------+
         Total |   1998 |   1959 |     39 |      0 |   1741 |   2 |  999.0 |
       Dungeon |   1998 |   1959 |     39 |      0 |   1741 |   2 |  999.0 |
               +--------+--------+--------+--------+--------+-----+--------+

Top non-repeatable levels by time:
     D:1: 1234 daAuts
     D:2: 763 daAuts
